AoeStats
← Mezzanine00

Arabia

503146866Analyzed
1v1 RM · 1mo ago on Aug 30, 2026· 49m 41s· 2 players
Game mode
Random Map
Map size
Tiny (2 player)
Population
200
Speed
Normal
Resources
Standard
Victory
Conquest
Starting age
Dark Age
Ending age
Imperial Age
RankedLock teamsTeams togetherTeam positionsShared explorationLock speedFull tech treeHidden civsTurbo modeCheats
Victory
Defeat
🇬🇧 Bulgarians · United Kingdom
1740
+17
🇹🇷 Berbers · Türkiye
1752
-17
Mezzanine00
8:16 Loom
10:29 Feudal Age
11:01 Double-Bit Axe
11:08 Arson
13:16 Horse Collar
19:41 Castle Age
18:23 Padded Archer Armor
18:39 Fletching
19:37 Gold Mining
19:56 Scale Barding Armor
20:34 Bow Saw
20:23 Bodkin Arrow
22:32 Wheelbarrow
22:36 Town Watch
24:50 Leather Archer Armor
25:35 Chain Barding Armor
28:23 Hand Cart
28:49 Bloodlines
29:09 Forging
30:19 Husbandry
30:57 Iron Casting
31:25 Heavy Plow
32:48 Gold Shaft Mining
39:38 Imperial Age
38:20 Stirrups
40:55 Plate Barding Armor
41:21 Blast Furnace
39:42 Cavalier
41:03 Bracer
41:25 Ballistics
42:06 Chemistry
41:19 Light Cavalry
42:33 Herbal Medicine
42:48 Scale Mail Armor
42:09 Pikeman
42:49 Squires
43:51 Chain Mail Armor
43:40 Halberdier
44:51 Plate Mail Armor
45:39 Siege Engineers
46:07 Capped Ram
47:17 Masonry
46:37 Hussar
47:02 Siege Ram
48:42 Heavy Scorpion
50:03 Conscription
diyojen
6:12 Loom
8:52 Feudal Age
11:01 Double-Bit Axe
14:35 Fletching
17:23 Wheelbarrow
22:24 Castle Age
21:51 Gold Mining
22:29 Crossbowman
23:22 Bow Saw
23:55 Bloodlines
23:45 Husbandry
25:09 Horse Collar
28:53 Heavy Plow
34:10 Imperial Age
32:09 Bodkin Arrow
32:55 Ballistics
32:51 Stone Mining
33:55 Padded Archer Armor
34:53 Bracer
37:42 Chemistry
36:30 Heavy Cavalry Archer
44:40 Hand Cart
46:17 Heavy Camel Rider
47:27 Hand Cart
48:12 Scale Barding Armor
Connection lost

Rejoining the realm…

Still unreachable

The connection could not be restored.

Session expired

The server has moved on; the page needs a fresh start.